Map: Year Zero LE

Players

MaSa - Winner!

  • Race: Terran Terran
  • Spawn Location: 1:00

JonSnow

  • Race: Zerg Zerg
  • Spawn Location: 11:00

Event: 2019 WCS Spring

VOD

Have the link to the VOD?

Description

Time

  • Played on: May 17, 2019, 3:28 p.m.
  • Length: 12:30

All games in this series

Show
View Real Time Build Order
Export as new Build Order

MaSa Terran - Winner!

Build Orders: Reaper Expand, Hellion Banshee, Mech 

Get SALT Encoding   

  12  0:00  SCV  
  13  0:12  SCV  
  14  0:18  Supply Depot  
  14  0:24  SCV  
  15  0:40  SCV  
  15  0:41  Barracks  
  16  0:45  Refinery  
  16  0:52  SCV  
  17  1:04  SCV  
  18  1:16  SCV  
  19  1:28  Reaper, Orbital Command  
  20  1:42  Command Center  
  20  1:52  Supply Depot  
  20  1:54  SCV  
  20  2:00  Marine  
  22  2:03  Refinery  
  22  2:06  SCV  
  23  2:16  Factory  
  23  2:18  SCV  
  23  2:22  Barracks Reactor  
  24  2:31  SCV  
  25  2:43  SCV  
  23  2:55  SCV  
  24  3:03  Starport  
  24  3:06  Hellion x2  
  24  3:07  SCV  
  24  3:08  Barracks Tech Lab  
  29  3:18  Orbital Command  
  29  3:19  SCV  
  30  3:27  Hellion  
  30  3:29  Hellion  
  30  3:31  SCV  
  35  3:44  SCV  
  35  3:46  Banshee, Cloaking Field  
  39  3:53  Hellion  
  41  3:58  Hellion  
  41  3:59  SCV  
  41  4:00  SCV  
  45  4:06  Supply Depot  
  45  4:10  Supply Depot  
  45  4:17  SCV  
  46  4:28  SCV, Hellion x2  
  46  4:30  Supply Depot  
  51  4:31  Banshee  
  51  4:33  SCV  
  55  4:42  Armory, SCV  
  56  4:48  SCV  
  56  4:51  Hellion  
  56  4:52  Hellion  
  61  4:54  SCV  
  62  5:00  Supply Depot  
  62  5:04  SCV  
  63  5:12  Command Center  
  64  5:14  SCV  
  64  5:16  SCV  
  65  5:26  SCV  
  64  5:28  SCV  
  64  5:33  Hellion  
  64  5:34  Hellion, Banshee  
  70  5:37  Refinery  
  70  5:38  SCV, Refinery  
  70  5:41  SCV  
  68  5:50  SCV  
  68  5:53  SCV  
  68  5:55  Factory, Barracks Reactor  
  66  6:00  Terran Vehicle And Ship Armor Level 1  
  66  6:01  Supply Depot  
  66  6:02  SCV  
  66  6:03  Factory  
  59  6:05  SCV  
  59  6:07  Hyperflight Rotors  
  59  6:10  Hellion  
  61  6:11  Hellion  
  61  6:14  SCV  
  61  6:17  SCV  
  65  6:20  Banshee  
  68  6:26  SCV, Orbital Command  
  68  6:29  SCV  
  68  6:31  Engineering Bay  
  70  6:38  SCV  
  73  6:40  Hellion  
  73  6:41  SCV  
  73  6:43  Barracks Tech Lab  
  73  6:45  Factory Tech Lab  
  74  6:51  SCV  
  75  6:57  Hellion  
  75  6:59  SCV  
  78  7:03  Banshee  
  78  7:05  SCV  
  85  7:08  Siege Tank x2  
  85  7:10  Supply Depot  
  85  7:14  Factory, Barracks Tech Lab  
  85  7:15  SCV  
  89  7:16  Factory  
  89  7:17  SCV  
  89  7:18  SCV  
  89  7:20  Hellion  
  93  7:25  Supply Depot  
  93  7:27  SCV  
  93  7:29  Orbital Command  
  94  7:33  Supply Depot x2  
  94  7:40  SCV, Siege Tank x2  
  101  7:45  Hellion x2  
  101  7:46  SCV  
  106  7:56  Banshee  
  109  8:00  SCV  
  110  8:06  SCV, Hellion  
  110  8:10  Hellion x3  
  124  8:17  Cyclone x2  
  124  8:19  Cyclone  
  128  8:22  SCV x2, Orbital Command  
  130  8:30  Supply Depot  
  130  8:31  Supply Depot  
  130  8:32  Hellion, Supply Depot  
  132  8:42  Infernal Pre-Igniter  
  132  8:43  SCV  
  133  8:52  Viking, Hellion x2, SCV x2  
  133  8:53  Hellion x3, Cyclone  
  133  8:54  Hellion  
  152  8:58  SCV, Refinery  
  152  9:00  Supply Depot  
  152  9:01  Refinery  
  150  9:06  SCV  
  151  9:10  Terran Vehicle And Ship Armor Level 2  
  151  9:11  SCV  
  151  9:14  Hellion  
  151  9:15  SCV  
  155  9:18  SCV  
  155  9:22  Hellion x4  
  164  9:26  Supply Depot  
  164  9:27  Supply Depot  
  164  9:28  SCV  
  165  9:39  Hellion x9  
  165  9:42  Supply Depot  
  165  9:43  Supply Depot  
  165  9:44  Supply Depot  
  165  9:47  Banshee  
  165  9:48  SCV x3, Hellion  
  165  9:49  Hellion  
  165  9:51  Command Center  
  175  9:57  Hellion x3  
  181  10:03  SCV x2  
  181  10:04  Hellion  
  181  10:06  SCV  
  186  10:08  Supply Depot  
  186  10:09  Supply Depot  
  186  10:16  SCV x2  
  186  10:19  SCV  
  186  10:25  Supply Depot  
  186  10:26  Supply Depot  
  186  10:29  Hellion x3  
  186  10:30  Hellion, Cyclone  
  186  10:32  Refinery  
  186  10:33  Refinery  
  193  10:36  SCV  
  193  10:39  Supply Depot  
  186  10:43  Cyclone x2  
  174  10:56  Hellion x4  
  166  11:00  Supply Depot  
  166  11:02  Cyclone  
  162  11:11  Armory  
  162  11:15  Cyclone x2  
  168  11:31  Command Center  
  168  11:33  Factory  
  168  11:34  Factory  
  168  11:38  Hellion x2  
  172  11:40  Factory  
  172  11:41  Banshee  
  175  12:00  Hellion  
  175  12:01  Hellion x2  
  178  12:28  Factory Reactor, Factory Tech Lab  
  178  12:29  Factory Tech Lab  
Show
View Real Time Build Order
Export as new Build Order

JonSnow Zerg 

Build Orders: Pool First 

Get SALT Encoding   

  12  0:00  Drone  
  13  0:13  Overlord  
  13  0:19  Drone  
  14  0:31  Drone x2  
  16  0:41  Spawning Pool  
  15  0:46  Drone  
  16  0:50  Drone  
  17  1:12  Hatchery  
  17  1:16  Drone  
  17  1:28  Zergling x4  
  17  1:29  Zergling x2  
  17  1:32  Extractor  
  19  1:37  Queen  
  21  1:46  Overlord  
  21  1:56  Drone  
  22  2:04  Drone  
  23  2:13  Queen, Drone  
  26  2:24  Queen  
  26  2:26  Drone x2  
  30  2:40  Metabolic Boost  
  30  2:44  Drone x3  
  32  3:04  Hatchery  
  32  3:05  Drone  
  32  3:08  Overlord  
  32  3:12  Drone  
  33  3:17  Drone x2  
  35  3:28  Overlord  
  35  3:29  Drone x3  
  35  3:30  Drone  
  35  3:32  Drone  
  40  3:38  Queen  
  42  3:44  Overlord  
  42  3:45  Drone  
  43  3:51  Drone x3  
  46  3:57  Overlord  
  46  4:00  Drone x2  
  46  4:02  Zergling x4  
  50  4:08  Zergling x2  
  50  4:09  Zergling x4  
  53  4:13  Overlord  
  53  4:16  Lair  
  53  4:26  Queen  
  53  4:30  Drone x3  
  53  4:31  Drone x2  
  60  4:32  Spore Crawler  
  59  4:45  Queen  
  61  4:46  Extractor  
  61  4:47  Spore Crawler  
  61  4:49  Spore Crawler  
  61  4:50  Zergling x10  
  62  4:59  Overlord  
  62  5:04  Queen  
  62  5:06  Overlord  
  62  5:08  Drone x3  
  65  5:16  Overseer  
  65  5:18  Overseer  
  65  5:20  Drone  
  65  5:31  Queen  
  65  5:37  Zergling x26  
  78  5:48  Queen x2  
  73  5:52  Zergling x8  
  71  6:02  Nydus Network  
  68  6:06  Queen  
  70  6:23  Queen  
  70  6:24  Queen  
  74  6:39  Nydus Canal  
  74  6:41  Zergling x18  
  74  6:42  Queen  
  85  6:53  Nydus Canal  
  85  6:57  Zergling x2  
  85  6:58  Zergling x10  
  85  6:59  Queen  
  85  7:00  Queen  
  94  7:06  Nydus Canal  
  93  7:11  Overseer  
  93  7:14  Zergling x8  
  97  7:21  Overseer  
  97  7:26  Nydus Canal  
  97  7:29  Overlord x2  
  97  7:43  Drone  
  97  7:46  Queen, Nydus Canal  
  97  7:47  Overlord  
  97  7:48  Overseer  
  99  7:52  Extractor  
  99  7:53  Evolution Chamber, Hydralisk Den  
  99  7:54  Evolution Chamber  
  95  8:00  Nydus Canal  
  95  8:03  Drone  
  95  8:04  Drone x13  
  107  8:08  Drone  
  107  8:12  Drone  
  109  8:13  Drone  
  109  8:15  Extractor  
  109  8:18  Drone  
  110  8:22  Drone x2  
  110  8:23  Drone x3  
  110  8:27  Grooved Spines  
  115  8:29  Zerg Missile Weapons Level 1  
  115  8:30  Drone  
  115  8:32  Nydus Canal  
  115  8:34  Drone x2  
  118  8:37  Pneumatized Carapace  
  118  8:38  Hatchery, Extractor  
  118  8:39  Drone  
  118  8:41  Drone  
  118  8:43  Drone x2  
  120  8:52  Drone x3  
  120  8:55  Drone x3  
  120  8:59  Drone  
  117  9:03  Zerg Ground Armor Level 1  
  117  9:04  Drone x2  
  115  9:15  Drone x4  
  115  9:16  Drone  
  119  9:17  Extractor  
  119  9:21  Spore Crawler  
  119  9:23  Spore Crawler  
  119  9:24  Queen  
  113  9:30  Hydralisk  
  114  9:40  Overlord  
  114  9:45  Overlord  
  114  9:49  Infestation Pit  
  114  9:51  Drone  
  114  9:52  Overlord x2, Drone x6  
  120  9:59  Hatchery  
  119  10:02  Baneling Nest  
  118  10:20  Hydralisk x7  
  132  10:26  Hatchery  
  131  10:30  Hydralisk  
  131  10:31  Hydralisk  
  135  10:41  Hydralisk x3  
  128  10:45  Hydralisk Den  
  122  10:52  Overlord  
  122  10:53  Overlord  
  122  10:54  Hive  
  115  10:57  Zergling x4  
  111  11:04  Zergling x2  
  98  11:11  Zergling x8  
  101  11:22  Hatchery  
  100  11:29  Zergling x12  
  101  11:36  Drone  
  96  11:40  Drone x2  
  97  11:51  Drone x5  
  102  11:54  Baneling  
  102  11:55  Baneling x3  
  102  11:57  Drone  
  102  11:58  Overseer  
  103  12:04  Hydralisk  
  103  12:05  Hydralisk x2  
Tags
 
Add a new tag
Caveats
  • Supply blocks, unpowered buildings, or Contaminate may cause inaccurate times.
  • Supply counts are checked every 10 seconds.